 Dungeon Crawl Stone Soup version 0.20.2-3-g29329e0561 (webtiles) character file.

402 Alfie the Shield-Bearer (level 6, -1/53 HPs)
             Began as a Hill Orc Fighter on Nov 18, 2022.
             Killed by nerve-wracking pain
             ... invoked by an orc priest
              (13 damage)
             ... on level 4 of the Dungeon.
             The game lasted 00:06:44 (2442 turns).

Alfie the Shield-Bearer (Hill Orc Fighter)          Turns: 2442, Time: 00:06:44

Health: -1/53      AC: 11    Str: 21    XL:     6   Next: 85%
Magic:  6/6        EV:  8    Int:  8    God:
Gold:   203        SH:  9    Dex:  8    Spells: 5/5 levels left

rFire    . . .     SeeInvis .   a - +0 rapier
rCold    . . .     Gourm    .   c - +0 shield
rNeg     . . .     Faith    .   b - +0 scale mail
rPois    .         Spirit   .   n - +0 helmet
rElec    .         Reflect  .   (no cloak)
rCorr    .         Harm     .   (no gloves)
MR       .....                  q - +0 pair of boots
Stlth    ..........             (no amulet)
Regen    0.2/turn               (no ring)
MPRegen  0.1/turn               (no ring)

@: no status effects
A: slimy green scales 1, clumsy 1, wild magic 1, MP-powered wands
a: Convert to Beogh


You were on level 4 of the Dungeon.
You were hungry.

You visited 1 branch of the dungeon, and saw 4 of its levels.

You collected 203 gold pieces.

Inventory:

Hand Weapons
 a - a +0 rapier (weapon)
Armour
 b - a +0 scale mail (worn)
 c - a +0 shield (worn)
 n - a +0 helmet (worn)
 q - a +0 pair of boots (worn)
Jewellery
 e - a +4 ring of intelligence
Scrolls
 h - 3 scrolls of blinking
 i - a scroll of identify
 j - a scroll of magic mapping {unknown}
 l - 3 scrolls of remove curse {unknown}
Potions
 d - 2 potions of might
 g - a potion of lignification
 k - a potion of curing
 m - a potion of mutation
 o - a potion of haste {unknown}
Comestibles
 f - a bread ration
 p - 2 meat rations


   Skills:
 + Level 4.6 Fighting
 + Level 4.4 Short Blades
 + Level 4.6 Armour
 + Level 1.1 Dodging
 + Level 0.3 Stealth
 + Level 4.9 Shields


You had 5 spell levels left.
You didn't know any spells.

Dungeon Overview and Level Annotations

Branches:
Dungeon (4/15)
 Temple: D:4-7

Altars:
Dithmenos
Makhleb
Qazlal


Innate Abilities, Weirdness & Mutations

You are partially covered in slimy green scales. (AC +2)
You are clumsy. (Dex -2)
Your spells are a little harder to cast, but a little more powerful.
You expend magic power (3 MP) to strengthen your wands.


Message History

The orc priest shouts!
Things that are here:
a short sword; a flail The orc priest calls down the wrath of Beogh upon you.
Beogh smites you!
* * * LOW HITPOINT WARNING * * *
It was a potion of mutation.
You feel extremely strange.
You feel less in control of your magic.
You feel your magical essence link to your wands.
You feel clumsy.
Slimy green scales grow over part of your body.
Your shield and scale mail prevent you from hitting the orc priest.
The orc priest hits you with a club.
* * * LOW HITPOINT WARNING * * *
The orc priest shouts, "Surrender to Beogh and we'll let you live!"
You hit the orc priest.
The orc priest is moderately wounded.
The orc priest calls down the wrath of Beogh upon you.
Pain shoots through your body!
You die...

# #########
#. #.).)..<#
#..#.#######
#...@#
#.#.o# #
#..# #..#
...# ###.#
... ...


You could see an orc priest.

Vanquished Creatures
  An ogre (D:3)
  2 orc priests (D:3)
  3 iron imps (D:3)
  Natasha (thrice) (D:2)
  2 adders
  An ooze (D:3)
  2 worms (D:3)
  A dart slug (D:2)
  A leopard gecko (D:1)
  10 orcs
  A giant cockroach (D:3)
  7 hobgoblins
  2 quokkas (D:3)
  A ball python (D:3)
  8 bats
  2 frilled lizards
  15 goblins
  5 kobolds
  4 rats
71 creatures vanquished.

Notes
Turn   | Place    | Note
-------+----------+-------------------------------------------
     0 | D:1      | Alfie the Hill Orc Fighter began the quest for the Orb.
     0 | D:1      | Reached XP level 1. HP: 19/19 MP: 1/1
   333 | D:1      | Reached XP level 2. HP: 27/27 MP: 2/2
   907 | D:2      | Reached XP level 3. HP: 29/33 MP: 3/3
  1270 | D:2      | Found a stormy altar of Qazlal.
  1283 | D:2      | Noticed Natasha
  1292 | D:2      | Killed Natasha
  1445 | D:2      | Noticed Natasha
  1453 | D:2      | Killed Natasha
  1453 | D:2      | Reached XP level 4. HP: 28/40 MP: 4/4
  1464 | D:2      | Noticed Natasha
  1477 | D:2      | Killed Natasha
  1653 | D:3      | Reached XP level 5. HP: 41/46 MP: 5/5
  1658 | D:3      | Reached skill level 1 in Dodging
  1848 | D:3      | HP: 3/69 [orc priest/divine providence (9)]
  1942 | D:3      | Found a shadowy altar of Dithmenos.
  2135 | D:3      | Found a burning altar of Makhleb.
  2157 | D:3      | Reached XP level 6. HP: 28/53 MP: 6/6
  2438 | D:4      | Gained mutation: Your spells are a little harder to cast, but a little more powerful. [potion of mutation]
  2438 | D:4      | Gained mutation: You expend magic power (3 MP) to strengthen your wands. [potion of mutation]
  2438 | D:4      | Gained mutation: You are clumsy. (Dex -2) [potion of mutation]
  2438 | D:4      | Gained mutation: You are partially covered in slimy green scales. (AC +2) [potion of mutation]
  2442 | D:4      | Killed from afar by an orc priest

Skill      XL: |  1  2  3  4  5 |
---------------+----------------+-----
Armour         | 4 |  4.6
Fighting       | 4 |  4.6
Shields        | 4 |  4.9
Short Blades   | 3 4 |  4.4
Dodging        | 1 |  1.1
Stealth        | |  0.3

Action                   |  1- 3 |  4- 6 || total
-------------------------+-------+-------++-------
Melee: Rapier            |    83 |   202 ||   285
  Use: Scroll            |     3 |     2 ||     5
       Potion            |       |     3 ||     3
  Eat: Bread ration      |     1 |       ||     1
Armor: Scale mail        |    27 |    82 ||   109
       Skin              |       |     1 ||     1
Dodge: Dodged            |    22 |    72 ||    94
Block: Shield            |    29 |    98 ||   127
